 Dungeon Crawl Stone Soup version 0.14-a0-2359-g1e808ab (webtiles) character file.

232 Kae the Firebug (level 5, -4/28 HPs)
             Began as a Tengu Fire Elementalist on Jan 31, 2014.
             Slain by a gnoll
             ... wielding a +1,+2 halberd of venom
              (7 damage)
             ... on Level 3 of the Dungeon.
             The game lasted 00:04:14 (2668 turns).

Kae the Firebug (Tengu Fire Elementalist)           Turns: 2668, Time: 00:04:14

HP  -4/28        AC  2     Str  9      XL: 5   Next: 20%
MP   1/11        EV 12     Int 16      God:
Gold 95          SH  0     Dex 14      Spells:  3 memorised,  3 levels left

rFire  . . .     SeeInvis .     h - +0 spear
rCold  . . .     Clarity  .     d - +0 robe (curse)
rNeg   . . .     Conserve .     (no shield)
rPois  .         rCorr    .     (helmet restricted)
rElec  .         rRot     .     (no cloak)
SustAb . .       Spirit   .     (no gloves)
rMut   .         Warding  .     (boots unavailable)
Saprov . . .     Stasis   .     (no amulet)
MR     .....                    (no ring)
                                (no ring)

@: quite poisoned, very slightly contaminated, not resistant to hostile
enchantments, fairly stealthy
A: able to fly, beak, talons 3
a: Fly


You were on level 3 of the Dungeon.
You were hungry.

You visited 1 branch of the dungeon, and saw 3 of its levels.

You collected 95 gold pieces.

Inventory:

Hand weapons
 h - a +0,+0 spear (weapon)
Missiles
 g - 4 silver darts (quivered)
 r - 7 tomahawks
Armour
 a - a +0 robe
 d - a cursed +0 robe (worn)
Comestibles
 c - 3 bread rations
 p - 14 grapes
 q - a meat ration
 A - a slice of pizza
 B - a rotting chunk of orc flesh
Scrolls
 e - a scroll of teleportation {unknown}
 f - 6 scrolls of identify {unknown}
 k - 3 scrolls of remove curse {unknown}
 l - a scroll of magic mapping {unknown}
 m - a scroll of enchant weapon I {unknown}
 n - a scroll of recharging {unknown}
 o - 2 scrolls of fear {unknown}
 t - 2 scrolls of blinking {unknown}
 u - a scroll of enchant weapon II {unknown}
 y - a scroll of amnesia {unknown}
Jewellery
 s - a +6 ring of evasion {unknown}
 x - a +3,+6 ring of slaying {unknown}
Potions
 i - 5 potions of curing {unknown}
 j - 2 potions of brilliance {unknown}
 v - a potion of lignification {unknown}
 w - 2 potions of heal wounds {unknown}
 z - a potion of magic {unknown}
Books
 b - a book of Flames

   Spells                             Type                      Level
   *Flame Tongue                      Conjuration/Fire             1
   *Throw Flame                       Conjuration/Fire             2
   *Conjure Flame                     Conjuration/Fire             3
   Inner Flame                        Hexes/Fire                   3
   Sticky Flame                       Conjuration/Fire             4
   Fireball                           Conjuration/Fire             5


   Skills:
 - Level 2.1 Dodging
 - Level 2.0 Stealth
 + Level 2.7 Spellcasting
 * Level 4.0 Conjurations
 * Level 4.7 Fire Magic


You had 3 spell levels left.
You knew the following spells:

 Your Spells              Type           Power        Failure   Level  Hunger
a - Flame Tongue          Conj/Fire      ###..        3%          1    #......
b - Throw Flame           Conj/Fire      ###...       6%          2    ##.....
c - Conjure Flame         Conj/Fire      ###.....     12%         3    ###....


Dungeon Overview and Level Annotations

Branches:
Dungeon (3/16)

Altars:


Innate Abilities, Weirdness & Mutations

You can fly.
You have a beak for a mouth.
You have claws for feet.


Message History

Casting: Flame Tongue
Confirm with . or Enter, or press ? or * to list all spells.
Aiming: Flame Tongue
Press: ? - help, Shift-Dir - straight line, f/p - gnoll
Aim: a gnoll, wielding a runed halberd The flame hits the gnoll.
The gnoll appears unharmed.
You feel sick.
The gnoll hits you from afar with a runed halberd.
* * * LOW HITPOINT WARNING * * *
You are more poisoned.
Casting: Flame Tongue
Confirm with . or Enter, or press ? or * to list all spells.
Aiming: Flame Tongue
Press: ? - help, Shift-Dir - straight line, f/p - gnoll
Aim: a gnoll, wielding a halberd of venom The flame hits the gnoll.
The gnoll is almost dead.
* * * LOW HITPOINT WARNING * * *
You feel sick.
The gnoll hits you from afar with a halberd of venom!
You die...

#.# #g# ##
####'###...
#...........
###...........
#.............
#..........#
#....#g##########
#....#..@........
#....#>..........
#....#.#########
#....#.#########.
######...........
##..########.
#...########
#..#.......#
#..#.......+


You could see a gnoll.

Vanquished Creatures
  5 adders
  2 gnolls (D:3)
  A worm (D:3)
  2 giant geckos
  3 orcs (D:3)
  4 giant cockroaches
  7 goblins
  8 hobgoblins
  4 kobolds
  2 quokkas (D:3)
  13 bats
  2 giant newts
  6 rats
59 creatures vanquished.

Notes
Turn   | Place    | Note
--------------------------------------------------------------
     0 | D:1      | Kae, the Tengu Fire Elementalist, began the quest for the Orb.
     0 | D:1      | Reached XP level 1. HP: 10/10 MP: 3/3
   314 | D:1      | Reached XP level 2. HP: 10/15 MP: 3/5
   938 | D:1      | Reached skill level 4 in Fire Magic
   938 | D:1      | Reached XP level 3. HP: 19/19 MP: 7/7
  1217 | D:2      | Reached XP level 4. HP: 22/24 MP: 1/9
  2022 | D:3      | Learned a level 2 spell: Throw Flame
  2026 | D:3      | Learned a level 3 spell: Conjure Flame
  2472 | D:3      | Reached XP level 5. HP: 23/28 MP: 6/11
  2668 | D:3      | Slain by a gnoll

Action                   |  1- 3 |  4- 6 || total
-------------------------+-------+-------++-------
Melee: Unarmed           |    20 |       ||    20
       Spear             |     6 |    26 ||    32
 Cast: Flame Tongue      |    40 |    63 ||   103
       Throw Flame       |       |     1 ||     1
 Stab: Sleeping          |     1 |     1 ||     2
